 Dungeon Crawl Stone Soup version 0.29-a0-330-g52719c12eb (webtiles) character file.

Game seed: 4328470866447913516

5928 Ajdolov the Quickloader (level 10, -12/92 HPs)
             Began as a Deep Dwarf Hunter on May 10, 2022.
             Was a Follower of Elyvilon.
             Mangled by Snorg (13 damage)
             ... on level 10 of the Dungeon.
             The game lasted 00:21:02 (9252 turns).

Ajdolov the Quickloader (Deep Dwarf Hunter)         Turns: 9252, Time: 00:21:03

Health: -12/92     AC:  9    Str: 14    XL:     10   Next: 54%
Magic:  11/11      EV: 13    Int: 11    God:    Elyvilon [*.....]
Gold:   266        SH:  0    Dex: 20    Spells: 9/9 levels left

rFire   . . .      SeeInvis +   D - +1 arbalest (flame)
rCold   . . .      Faith    .   (shield currently unavailable)
rNeg    . . .      Spirit   .   h - +0 steam dragon scales
rPois   .          Reflect  .   e - +0 helmet
rElec   .          Harm     .   r - +0 cloak
rCorr   .          Rampage  .   K - +1 pair of gloves
Will    ++...                   (no boots)
Stlth   ++........              (no amulet)
HPRegen 0.00/turn               s - ring of see invisible
MPRegen 0.12/turn               E - ring of willpower

@: no status effects
A: damage resistance, heal wounds, sense surroundings 2, no regeneration
a: Heal Wounds, Renounce Religion, Purification


You were on level 10 of the Dungeon.
You worshipped Elyvilon.
Elyvilon was aware of your devotion.
You visited 2 branches of the dungeon, and saw 11 of its levels.
You also visited: Ossuary.

You collected 457 gold pieces.
You spent 191 gold pieces at shops.

Inventory:

Hand Weapons
 D - a +1 arbalest of flaming (weapon)
Missiles
 w - 3 curare-tipped darts
Armour
 e - a +0 helmet (worn)
 h - +0 steam dragon scales (worn)
 r - a +0 cloak (worn)
 K - a +1 pair of gloves (worn)
Jewellery
 s - a ring of see invisible (left hand)
 E - a ring of willpower (right hand)
 H - a ring of ice
Wands
 F - a wand of flame (28)
Scrolls
 a - a scroll of magic mapping {unknown}
 c - 4 scrolls of immolation
 f - a scroll of brand weapon {unknown}
 k - a scroll of amnesia {unknown}
 n - 2 scrolls of silence
 o - 2 scrolls of fear
 p - a scroll of blinking
 q - 3 scrolls of torment {unknown}
 v - 6 scrolls of noise
 x - 5 scrolls of teleportation
 y - 3 scrolls of vulnerability
 G - a scroll of enchant weapon {unknown}
Potions
 b - a potion of resistance
 d - a potion of lignification
 g - 4 potions of mutation
 i - 3 potions of curing
 j - a potion of haste {unknown}
 l - a potion of attraction
 m - 5 potions of brilliance
 t - 2 potions of berserk rage {unknown}
 z - a potion of ambrosia {unknown}
 A - a potion of cancellation {unknown}
 B - a potion of invisibility {unknown}
 C - 3 potions of flight
 J - a potion of heal wounds
Miscellaneous
 u - a box of beasts


   Skills:
 - Level 6.8 Fighting
 * Level 14.0 Crossbows
 - Level 2.1 Dodging
 - Level 1.2 Stealth
 * Level 9.0 Invocations


You had 9 spell levels left.
You didn't know any spells.
Your spell library contained the following spells:

 Spells                   Type           Power      Damage    Failure   Level
 Petrify                  Tmut/Erth      0%         N/A       98%         4
 Metabolic Englaciation   Hex/Ice        0%         N/A       100%        5
 Statue Form              Tmut/Erth      0%         N/A       100%        6


Dungeon Overview and Level Annotations

Branches:
Dungeon (10/15)            Temple (1/1) D:7            Lair (0/6) D:9
Ossuary (visited)
    Orc: D:9-12

Altars:
Ashenzari
Cheibriados
Dithmenos
Elyvilon
Fedhas
Gozag
Hepliaklqana
Kikubaaqudgha
Makhleb
Nemelex Xobeh
Okawaru
Qazlal
Ru
Sif Muna
Trog
Uskayaw
Vehumet
Wu Jian
Xom
Yredelemnul
Zin
The Shining One

Shops:
D:1 !   D:4 (   D:7 =

Annotations:
D:3 2 transporters, QuickerDeath's ghost, amateur DjWz
D:4 exclusion: ogre
D:5 exclusion: centaur, Blork the orc; Dowan; Duvessa
D:6 exclusion: water moccasin
D:9 2 transporters, EriolAelfwine's ghost, novice DDFi
D:10 Snorg


Innate Abilities, Weirdness & Mutations

You are resistant to damage.
You can heal yourself by infusing magical energy.
You passively map the area around you.
You do not regenerate.


Message History

* * * LOW HITPOINT WARNING * * *
Unknown command.
Aiming: Corrosive Bolt
Press: ? - help, Shift-Dir - straight line, f/p - Snorg
Aim: Snorg (severely wounded, berserk, very poisoned, 71% to hit)
The bolt of acid misses Snorg.
The now-empty wand crumbles to dust.
Snorg bites you. Snorg claws you but does no damage. Snorg misses you.
Snorg bites you!
* * * LOW HITPOINT WARNING * * *
Snorg claws you but does no damage. Snorg completely misses you.
You feel much better. Snorg bites you!
* * * LOW HITPOINT WARNING * * *
Snorg claws you but does no damage. Snorg claws you!
* * * LOW HITPOINT WARNING * * *
You feel much better. Snorg barely misses you.
Snorg claws you but does no damage. Snorg claws you.
* * * LOW HITPOINT WARNING * * *
Snorg barely misses you. Snorg claws you.
* * * LOW HITPOINT WARNING * * *
Snorg misses you.
Okay, then.
Okay, then.
You feel much better. Snorg misses you. Snorg barely misses you.
Snorg closely misses you.
Really attack while wielding your +1 arbalest of flaming?
Okay, then.
Snorg barely misses you. Snorg claws you but does no damage. x2
Shoot: D) +1 arbalest (flame)
Press: ? - help, Q - select action, (/) - cycle Shift-Dir - straight line, f/p - Snorg
Aim: Snorg (severely wounded, berserk, poisoned, 71% to hit)
You shoot a bolt. The bolt hits Snorg!!
The bolt burns Snorg!
Snorg is almost dead.
Snorg bites you!!
* * * LOW HITPOINT WARNING * * *
Snorg claws you!!
* * * LOW HITPOINT WARNING * * *
Snorg claws you!
* * * LOW HITPOINT WARNING * * *
Snorg bites you!
You die...

* > ,>.. * *
* * , , *
#.#* , , ,
**,, #.. ,,
,* * * ,
#.##* ** , *
* ,* #..# ,
#(.# * ,*
#..# , ,*
#T.# , , #@.#
* #..# *
#..#######..*
*
#...........*
*
#...........*
,
#...######..#
, #...# #..#
, #...# #..#
,, .#####...#
#..#


You could see Snorg (berserk, poisoned).

Vanquished Creatures
  A two-headed ogre (D:9)
  A cyclops (D:7)
  A kobold demonologist (D:5)
  2 trolls (D:9)
  Sigmund (D:5)
  7 yaks (D:9)
  A wyvern (D:8)
  A steam dragon (D:8)
  A water moccasin (D:5)
  A sky beast (D:8)
  3 orc warriors (D:8)
  An ogre (D:6)
  3 centaurs
  A kobold brigand (D:8)
  A bullfrog (D:7)
  3 gnoll sergeants
  3 scorpions
  2 necrophages
  9 killer bees
  3 jellies
  4 howler monkeys
  A human zombie (Ossuary)
  A hound (D:6)
  An orc priest (D:9)
  A gnoll shaman (D:7)
  5 iguanas
  5 orc wizards (D:8)
  4 mummies (Ossuary)
  14 gnolls
  6 adders
  3 shadow imps
  2 white imps (D:7)
  5 dart slugs
  24 orcs
  9 endoplasms
  5 giant cockroaches
  2 gnoll zombies (Ossuary)
  12 hobgoblins
  8 jackals
  2 quokkas
  9 ball pythons
  10 bats
  A frilled lizard (D:1)
  11 goblins
  2 goblin zombies
  A hobgoblin zombie (Ossuary)
  13 kobolds
  A kobold zombie (Ossuary)
  2 orc zombies (Ossuary)
  8 rats
  A rat zombie (D:6)
219 creatures vanquished.

Vanquished Creatures (others)
  An orc wizard (D:8)
  An orc (D:8)
2 creatures vanquished.

Grand Total: 221 creatures vanquished

Notes
Turn   | Place    | Note
-------+----------+-------------------------------------------
     0 | D:1      | Ajdolov the Deep Dwarf Hunter began the quest for the Orb.
     0 | D:1      | Reached XP level 1. HP: 19/19 MP: 1/1
     5 | D:1      | Noticed a four-headed hydra
   178 | D:1      | Reached XP level 2. HP: 26/26 MP: 2/2
   275 | D:1      | Noticed an elephant
   364 | D:1      | Reached skill level 5 in Crossbows
   477 | D:1      | Found a faded altar of an unknown god.
   524 | D:1      | Reached XP level 3. HP: 27/32 MP: 3/3
   591 | D:1      | Found Serioxko's Distillery.
   600 | D:1      | Bought a potion of degeneration for 11 gold pieces
  1713 | D:3      | Reached XP level 4. HP: 32/40 MP: 4/4
  1817 | D:3      | Noticed QuickerDeath's ghost (amateur DjWz)
  1818 | D:3      | Found a transporter.
  2024 | D:3      | Found the +3 pair of seven-league boots {Rampage+∞}
  2065 | D:3      | Reached skill level 6 in Crossbows
  2160 | D:3      | Found a transporter.
  2310 | D:4      | Noticed a scorpion
  2320 | D:4      | Killed a scorpion
  2321 | D:4      | Reached XP level 5. HP: 40/49 MP: 5/5
  2594 | D:4      | Found Ulegul's Antique Weapon Boutique.
  2669 | D:4      | Noticed an ogre
  3136 | D:5      | Entered Level 5 of the Dungeon
  3179 | D:5      | Noticed a kobold demonologist
  3300 | D:5      | Noticed Duvessa
  3393 | D:5      | Noticed Blork the orc
  3404 | D:5      | Noticed a centaur
  3465 | D:5      | Noticed a water moccasin
  3568 | D:5      | Noticed Dowan
  3737 | D:6      | Noticed an ogre
  3749 | D:6      | Killed an ogre
  3750 | D:6      | Reached skill level 7 in Crossbows
  3750 | D:6      | Reached XP level 6. HP: 34/57 MP: 6/6
  4126 | D:6      | Found a sand-covered staircase.
  4137 | Ossuary  | Entered an ossuary
  4576 | D:6      | Noticed a water moccasin
  4737 | D:6      | Reached skill level 8 in Crossbows
  4737 | D:6      | Reached XP level 7. HP: 42/64 MP: 7/7
  5179 | D:6      | Reached skill level 9 in Crossbows
  5188 | D:6      | Reached skill level 5 in Fighting
  5360 | D:6      | Reached XP level 8. HP: 58/74 MP: 6/6
  5572 | D:4      | Bought a glowing arbalest for 180 gold pieces
  5750 | D:5      | Noticed Sigmund
  5755 | D:5      | Killed Sigmund
  5756 | D:5      | Reached skill level 10 in Crossbows
  5790 | D:5      | Noticed a red devil
  5795 | D:5      | HP: 2/76 [red devil/+0 trident[a kobold demonologist] (11)]
  5804 | D:5      | Killed a kobold demonologist
  6466 | D:6      | Reached skill level 11 in Crossbows
  6549 | D:7      | Found a staircase to the Ecumenical Temple.
  6801 | D:7      | Gained mutation: You passively map the area around you.
                  | [Deep Dwarf growth]
  6801 | D:7      | Reached XP level 9. HP: 31/85 MP: 5/5
  6811 | D:7      | Found Uqucyp's Jewellery Boutique.
  6877 | D:7      | Noticed a cyclops
  6890 | D:7      | Killed a cyclops
  6891 | D:7      | Reached skill level 12 in Crossbows
  7359 | Temple   | Entered the Ecumenical Temple
  7642 | Temple   | Became a worshipper of Elyvilon the Healer
  7699 | D:7      | Reached skill level 1 in Invocations
  8015 | D:8      | Found a snail-covered altar of Cheibriados.
  8192 | D:8      | HP: 2/85 [steam dragon] (5)]
  8297 | D:8      | Reached skill level 5 in Invocations
  8527 | D:9      | Reached skill level 13 in Crossbows
  8541 | D:9      | Reached * piety under Elyvilon
  8578 | D:9      | Reached XP level 10. HP: 53/92 MP: 9/9
  8682 | D:9      | Found a staircase to the Lair.
  8700 | D:9      | Noticed a two-headed ogre
  8700 | D:9      | Noticed a moth of wrath
  8701 | D:9      | Found a transporter.
  8701 | D:9      | Noticed a tengu warrior
  8701 | D:9      | Noticed a two-headed ogre
  8702 | D:9      | Noticed EriolAelfwine's ghost (novice DDFi)
  8703 | D:9      | Noticed a two-headed ogre
  8704 | D:9      | Found a bloodstained altar of Trog.
  8720 | D:9      | Found a transporter.
  8807 | D:9      | Noticed a two-headed ogre
  8817 | D:9      | Killed a two-headed ogre
  8898 | D:9      | Reached skill level 14 in Crossbows
  9209 | D:10     | Entered Level 10 of the Dungeon
  9237 | D:10     | Noticed Snorg
  9248 | D:10     | HP: 3/92 [Snorg (13)]
  9252 | D:10     | HP: 1/92 [Snorg (6)]
  9252 | D:10     | Mangled by Snorg

Illustrated notes

Levels and vault maps discovered:
D:1:      sevenhm_arrival_forest_fort_small_2, layout_basic, serial_shops,
          shop_statue, hellmonk_ecumenical_altar_arch_garden,
          kennysheep_decorative_pillar
D:2:      layout_basic
D:3:      minmay_octagon_keep, layout_rooms, gammafunk_ghost_arena
D:4:      layout_basic, serial_shops, shop
D:5:      layout_loops_ring, uniq_sigmund, uniq_duvessa, uniq_blork_the_orc
D:6:      minmay_clustersquares, layout_basic, enter_ossuary_4
D:7:      layout_basic, minmay_temple_entry_arrows, serial_shops,
          nicolae_shop_behind_doors, minivault_19, uniq_menkaure
D:8:      layout_basic, nicolae_overflow_crystal_walls,
          kennysheep_generic_room_10
D:9:      layout_loops_ring, lair_entry_dummy, special_room [special_room_orc],
          gammafunk_ghost_wrathful_warriors
D:10:     layout_long_grid, serial_shops, shop, enter_bailey_7,
          nzn_sisyphean_effort, uniq_snorg, uniq_amaemon
Temple:   nicolae_temple_the_god_donut

Skill      XL: |  1  2  3  4  5  6  7  8  9 10 |
---------------+-------------------------------+-----
Fighting       | 2 3 4 5 6 |  6.8
Crossbows      | 5 6 7 8 9 11 13 14 | 14.0
Invocations    | 6 9 |  9.0
Dodging        | |  2.1
Stealth        | |  1.2

Action                   |  1- 3 |  4- 6 |  7- 9 | 10-12 || total
-------------------------+-------+-------+-------+-------++-------
 Fire: Hand crossbow     |   112 |   212 |    97 |       ||   421
       Arbalest          |       |       |   203 |    53 ||   256
Throw: Throwing net      |       |     1 |       |       ||     1
       Dart              |       |     1 |     3 |     5 ||     9
 Abil: Heal Wounds       |       |     4 |    16 |     5 ||    25
Evoke: Wand              |       |     2 |       |     1 ||     3
  Use: Potion            |       |     2 |    11 |       ||    13
       Scroll            |       |       |     8 |     4 ||    12
Armor: Leather armour    |    14 |    29 |    62 |       ||   105
       Steam dragon scal |       |       |     6 |    14 ||    20
Dodge: Dodged            |    22 |    54 |   160 |    37 ||   273

Table legend: (Time is in decaauts)
 A = Elapsed time spent in this place.
 B = Non-inter-level travel time spent in this place.
 C = Inter-level travel time spent in this place.
 D = Time resting spent in this place.
 E = Time spent auto-exploring this place.
 F = Levels seen in this place.
 G = Mean time per level.
                   A        B        C        D        E       F      G
               +--------+--------+--------+--------+--------+-----+--------+
         Total |   9399 |   8480 |    919 |    374 |   5994 |  12 |  783.2 |
       Dungeon |   8846 |   7946 |    900 |    374 |   5718 |  10 |  884.6 |
        Temple |    303 |    284 |     19 |      0 |    225 |   1 |  303.0 |
       Ossuary |    248 |    248 |      0 |      0 |     51 |   1 |  248.0 |
               +--------+--------+--------+--------+--------+-----+--------+

Top non-repeatable levels by time:
     D:6: 1646 daAuts
     D:5: 1269 daAuts
     D:4: 1092 daAuts
     D:7: 1043 daAuts
     D:1: 925 daAuts
     D:2: 755 daAuts
     D:8: 744 daAuts
     D:9: 730 daAuts
     D:3: 596 daAuts
  Temple: 303 daAuts
 Ossuary: 248 daAuts
    D:10: 43 daAuts
